 Dungeon Crawl Stone Soup version 0.17.0-28-g6e173f8 (webtiles) character file.

1029 Raultor the Destroyer (level 8, 0/46 HPs)
             Began as an Octopode Conjurer on Nov 22, 2015.
             Killed from afar by Edmund (15 damage)
             ... with a wand of frost
             ... on level 4 of the Dungeon.
             The game lasted 00:18:38 (4329 turns).

Raultor the Destroyer (Octopode Conjurer)           Turns: 4329, Time: 00:18:38

Health: 0/46       AC:  1    Str:  8    XL:     8   Next: 23%
Magic:  1/13       EV: 12    Int: 19    God:
Gold:   96         SH:  0    Dex: 12    Spells: 4 memorised, 1 level left

rFire  + . .     SeeInvis .     y - +0 trident
rCold  x . .     Clarity  .     (no shield)
rNeg   . . .     SustAt   .     (helmet restricted)
rPois  .         Gourm    .     d - amulet of regeneration
rElec  .         Spirit   .     f - ring of wizardry
rCorr  .         Warding  .     B - ring of wizardry
rMut   .         Stasis   .     D - ring of fire
MR     .....                    (no ring)
Stlth  +++.......               (no ring)
                                (no ring)
                                (no ring)
                                (no ring)

@: not resistant to hostile enchantments, fairly stealthy
A: almost no armour, amphibious, 8 rings, constrict 8, camouflage 1, gelatinous
body 1
a: no special abilities


You were on level 4 of the Dungeon.
You were not hungry.

You visited 1 branch of the dungeon, and saw 6 of its levels.

You collected 290 gold pieces.
You spent 194 gold pieces at shops.

Inventory:

Hand Weapons
 y - a +0 trident (weapon)
Jewellery
 d - an amulet of regeneration (around mantle)
 f - a ring of wizardry (left tentacle)
 B - a ring of wizardry (right tentacle)
 D - a ring of fire (on tentacle)
 E - an uncursed amulet of clarity
Wands
 z - a wand of fireball (9)
Scrolls
 c - a scroll of immolation
 i - 2 scrolls of teleportation
 k - 3 scrolls of remove curse
 q - a scroll of amnesia {unknown}
 r - a scroll of magic mapping {unknown}
 s - a scroll of fear {unknown}
 t - 4 scrolls of identify
 v - a scroll of recharging {unknown}
 w - a scroll of enchant weapon {unknown}
 A - a scroll of fog {unknown}
Potions
 e - a potion of mutation
 g - a potion of ambrosia {unknown}
 h - a potion of lignification {unknown}
 j - a potion of invisibility {unknown}
 m - a potion of poison {unknown}
 o - a potion of brilliance
 p - a potion of might
 u - a potion of agility {unknown}
 x - a potion of haste {unknown}
 C - a potion of cure mutation {unknown}
 G - a potion of heal wounds {unknown}
Books
 a - a book of Conjurations

   Spells                             Type                      Level
   a - Magic Dart                     Conjuration                  1
   b - Searing Ray                    Conjuration                  2
   c - Dazzling Spray                 Conjuration/Hexes            3
   d - Fulminant Prism                Conjuration/Hexes            4
   e - Iskenderun's Mystic Blast      Conjuration                  4
   f - Iskenderun's Battlesphere      Conjuration/Charms           5
Comestibles
 b - 5 bread rations
 l - 7 fruits
 n - 3 meat rations


   Skills:
 - Level 2.0 Dodging
 - Level 2.6 Stealth
 + Level 3.4 Spellcasting
 + Level 8.6 Conjurations
 - Level 4.2 Charms


You had one spell level left.
You knew the following spells:

 Your Spells              Type           Power        Failure   Level  Hunger
a - Magic Dart            Conj           ####         1%          1    None
b - Searing Ray           Conj           #####.       1%          2    ##.....
c - Iskenderun's Battles  Conj/Chrm      ####....     10%         5    ######.
d - Fulminant Prism       Conj/Hex       ###.......   8%          4    ####...


Dungeon Overview and Level Annotations

Branches:
Dungeon (6/15)
 Temple: D:4-7

Altars:

Shops:
D:6 ?

Annotations:
D:4 Edmund
D:6 Menkaure


Innate Abilities, Weirdness & Mutations

You cannot wear most types of armour.
You are amphibious.
You can wear up to eight rings at the same time.
You can use your tentacles to constrict eight enemies at once.
Your skin changes colour to match your surroundings (Stealth).
Your rubbery body absorbs attacks (AC +1).


Message History

Press: ? - help, Shift-Dir - straight line, f/p - Edmund
Aim: Edmund, wielding a flail of protection, wearing a chain mail and carrying a wand of frost {zapped: 1} (moderately wounded)
The magic dart hits Edmund.
Edmund is moderately wounded.
Your battlesphere fires!
Your battlesphere expends the last of its energy and dissipates.
Edmund zaps a wand.
The puff of frost hits you!
You feel a terrible chill!
The orc wizard moves out of view.
A worm comes into view.
Casting: Magic Dart
Confirm with . or Enter, or press ? or * to list all spells.
Aiming: Fulminant Prism
Press: ? - help, Dir - move target cursor, p - Edmund You conjure a prism of explosive energy!
The orc priest invokes the aid of Beogh against you.
Something smites you!
Your fulminant prism crackles loudly.
Edmund mutters, "Who needs spells, anyway?"
Edmund zaps a wand.
The puff of frost hits you!
You feel a terrible chill!
You die...

#.......# #........
#######.###.........####
#(.....................
#................. ....##
#^....###....o..[. #.)#
#.....# #..o.@.... #..
###..####...#..### #..
##[.###....*...w. #.#
##...)##@#####.......##.#
##<.......# # #.....
#........## ###.##
##.รท.....# ... ##)...#.#
...## ##).##..# ###
#.>###... #### .... #...


You could see Edmund, an orc priest and an orc wizard.

Vanquished Creatures
  Prince Ribbit (D:5)
  Eustachio (D:4)
  A sky beast (D:5)
  An ice beast (D:5)
  2 scorpions (D:4)
  5 orc wizards
  2 orc priests (D:3)
  A worker ant (D:5)
  An iguana (D:4)
  A hound skeleton (D:5)
  6 adders
  An ooze (D:5)
  An adder zombie (D:3)
  An adder skeleton (D:4)
  2 worms
  3 giant geckos
  12 orcs
  2 giant cockroaches
  8 goblins
  5 hobgoblins
  4 jackals
  4 kobolds
  3 quokkas
  5 bats
  2 giant newts
  7 rats
82 creatures vanquished.

Notes
Turn   | Place    | Note
--------------------------------------------------------------
     0 | D:1      | Raultor the Octopode Conjurer began the quest for the Orb.
     0 | D:1      | Reached XP level 1. HP: 11/11 MP: 3/3
   941 | D:2      | Reached XP level 2. HP: 7/17 MP: 1/5
   997 | D:2      | Learned a level 2 spell: Searing Ray
  1148 | D:2      | Reached XP level 3. HP: 18/21 MP: 4/6
  1176 | D:2      | Reached skill level 5 in Conjurations
  1820 | D:3      | Reached XP level 4. HP: 12/27 MP: 0/7
  1821 | D:3      | Reached skill level 6 in Conjurations
  1974 | D:3      | Reached XP level 5. HP: 31/31 MP: 0/8
  1981 | D:3      | Learned a level 5 spell: Iskenderun's Battlesphere
  2325 | D:4      | Noticed Edmund
  2351 | D:4      | Reached skill level 1 in Charms
  2542 | D:5      | Entered Level 5 of the Dungeon
  2678 | D:5      | Noticed an ice beast
  2728 | D:5      | Reached XP level 6. HP: 32/36 MP: 4/9
  2891 | D:5      | Noticed Prince Ribbit
  3257 | D:6      | Found Toecrath's Magic Scroll Emporium.
  3322 | D:6      | Bought a scroll of blinking for 97 gold pieces
  3322 | D:6      | Bought a scroll of blinking for 97 gold pieces
  3343 | D:6      | Noticed Menkaure
  3568 | D:5      | Killed an ice beast
  3568 | D:5      | Reached XP level 7. HP: 41/41 MP: 0/10
  3760 | D:5      | Noticed a sky beast
  3765 | D:5      | Killed a sky beast
  3765 | D:5      | Reached skill level 7 in Conjurations
  3914 | D:5      | Killed Prince Ribbit
  4036 | D:4      | Reached skill level 8 in Conjurations
  4037 | D:4      | HP: 2/41 [orc wizard/dagger (3)]
  4043 | D:4      | HP: 1/41 [poisoned by a scorpion]
  4048 | D:4      | HP: 2/41 [poisoned by a scorpion]
  4053 | D:4      | Reached XP level 8. HP: 3/46 MP: 0/12
  4161 | D:4      | Learned a level 4 spell: Fulminant Prism
  4168 | D:4      | Noticed Eustachio
  4220 | D:4      | Killed Eustachio
  4329 | D:4      | Killed from afar by Edmund

Action                   |  1- 3 |  4- 6 |  7- 9 || total
-------------------------+-------+-------+-------++-------
Melee: Unarmed           |    33 |       |       ||    33
       Spear             |    30 |    17 |       ||    47
       Trident           |       |    43 |    25 ||    68
 Cast: Magic Dart        |    33 |    48 |    29 ||   110
       Searing Ray       |       |     2 |       ||     2
       Iskenderun's Batt |       |     1 |     5 ||     6
       Fulminant Prism   |       |       |     1 ||     1
  Use: Scroll            |     2 |     3 |     2 ||     7
       Potion            |     2 |       |     2 ||     4
 Stab: Sleeping          |     5 |     3 |     1 ||     9
       Distracted        |     1 |       |       ||     1
  Eat: Chunk             |     3 |     7 |     3 ||    13
       Beef jerky        |       |       |     2 ||     2
